 Dungeon Crawl Stone Soup version 0.30.1-3-gfc49f6343a (webtiles) character file.

Game seed: 16815226800818018020

31744 porpoise the Magus (level 13, 0/101 HPs)
             Began as a Demonspawn Gladiator on July 28, 2023.
             Was an Elder of Nemelex Xobeh.
             Slain by an eight-headed hydra (9 damage)
             ... on level 4 of the Lair of Beasts.
             The game lasted 01:10:47 (13914 turns).

porpoise the Magus (Demonspawn Gladiator)          Turns: 13914, Time: 01:10:48

Health: 0/101      AC: 13    Str: 18    XL:     13   Next: 27%
Magic:  0/23       EV: 21    Int: 15    God:    Nemelex Xobeh [****..]
Gold:   824        SH:  0    Dex: 18    Spells: 12/12 levels left

rFire   + . .        a - +8 Vampire's Tooth {megavamp}
rCold   . . .        (no shield)
rNeg    . . .        u - +2 leather armour {rC+}
rPois   +            c - +0 helmet
rElec   .            P - +0 cloak
rCorr   .            I - +2 pair of gloves {Str+3}
SInv    .            (no boots)
Will    .....        M - amulet of regeneration
Stlth   +++          q - ring of the Four Quests {rF+ rC- EV+5 Int+4 Slay+2}
HPRegen 1.16/turn    N - ring of poison resistance
MPRegen 0.36/turn

%: guardian spirit
@: about to teleport
A: hooves 2, yellow scales 1, ignite blood 2, magic shield, magic regeneration,
magic link
a: Renounce Religion, Draw Escape, Draw Destruction, Draw Summoning, Triple
Draw, Deal Four


You were on level 4 of the Lair of Beasts.
You worshipped Nemelex Xobeh.
Nemelex Xobeh was greatly pleased with you.
You visited 3 branches of the dungeon, and saw 15 of its levels.
You also visited: Gauntlet.

You collected 864 gold pieces.
You spent 40 gold pieces at shops.

Inventory:

Hand Weapons
 a - the +8 Vampire's Tooth (weapon) {megavamp}
   (You found it on level 1 of the Lair of Beasts)
 b - a +1 scimitar of flaming
 T - a +3 short sword of speed
Missiles
 d - 4 throwing nets (quivered)
 j - 7 curare-tipped darts
 K - 7 silver javelins
 W - 6 poisoned darts
Armour
 c - a +0 helmet (worn)
 n - the +2 pair of gloves "Cisupora" {rN+ Int+4 Slay-5}
   (You found it in a Gauntlet)

   Int:       It affects your intelligence (+4).
   Slay:      It affects your accuracy & damage with ranged weapons and melee
   (-5).
   rN:        It protects you from negative energy.
 u - a +2 leather armour of cold resistance (worn)
 H - a +0 ring mail of positive energy
 I - a +2 pair of gloves of strength (worn)
 P - a +0 cloak (worn)
Jewellery
 q - the ring of the Four Quests (left hand) {rF+ rC- EV+5 Int+4 Slay+2}
   (You acquired it on level 4 of the Dungeon)

   [ring of evasion]

   EV:        It affects your evasion (+5).
   Int:       It affects your intelligence (+4).
   Slay:      It affects your accuracy & damage with ranged weapons and melee
   (+2).
   rF:        It protects you from fire.
   rC:        It makes you vulnerable to cold.
 w - a ring of willpower
 y - an amulet of reflection
 G - an amulet of the acrobat
 M - an amulet of regeneration (around neck)
 N - a ring of poison resistance (right hand)
 O - a ring of wizardry
 R - an amulet of magic regeneration
Wands
 s - a wand of flame (37)
 t - a wand of mindburst (24)
 A - a wand of roots (3)
 F - a wand of digging (3)
 V - a wand of paralysis (6)
Scrolls
 e - 2 scrolls of vulnerability
 f - a scroll of immolation
 g - 3 scrolls of magic mapping
 k - 4 scrolls of teleportation
 o - a scroll of silence {unknown}
 v - a scroll of brand weapon {unknown}
 z - a scroll of noise
 E - a scroll of butterflies
 S - a scroll of blinking
 X - a scroll of identify
Potions
 h - 6 potions of attraction
 i - 6 potions of heal wounds
 l - a potion of mutation
 m - 3 potions of curing
 p - a potion of ambrosia {unknown}
 r - a potion of cancellation
 x - a potion of invisibility {unknown}
 B - 2 potions of brilliance
 C - 2 potions of might
 D - 2 potions of lignification
 L - a potion of berserk rage {unknown}
 Q - a potion of magic {unknown}
Miscellaneous
 J - a box of beasts
 U - a phial of floods


   Skills:
 + Level 9.5 Fighting
 - Level 7.0(9.4) Short Blades
 + Level 9.8(10.8) Long Blades
 - Level 1.7 Throwing
 - Level 7.0 Armour
 - Level 7.0 Dodging
 - Level 5.0 Stealth
 - Level 14.0 Invocations
 + Level 5.8 Evocations


You had 12 spell levels left.
You didn't know any spells.
Your spell library contained the following spells:

 Spells                   Type           Power      Damage    Failure   Level
 Apportation              Tloc           0%         N/A       30%         1
 Kiss of Death            Conj/Necr      0%         2d5       30%         1
 Sandblast                Erth           0%         2d4       30%         1
 Summon Small Mammal      Summ           0%         N/A       30%         1
 Blink                    Tloc           0%         N/A       43%         2
 Lesser Beckoning         Tloc           0%         N/A       43%         2
 Momentum Strike          Conj/Tloc      0%         3d8       43%         2
 Sublimation of Blood     Necr           0%         N/A       43%         2
 Wereblood                Tmut           0%         N/A       43%         2
 Call Canine Familiar     Summ           0%         N/A       67%         3
 Confusing Touch          Hex            0%         N/A       67%         3
 Gell's Gravitas          Tloc           0%         N/A       67%         3
 Ignite Poison            Fire/Tmut/Pois 0%         N/A       67%         3
 Ozocubu's Armour         Ice            0%         N/A       67%         3
 Portal Projectile        Hex/Tloc       0%         N/A       67%         3
 Summon Guardian Golem    Hex/Summ       0%         N/A       67%         3
 Dispel Undead            Necr           0%         3d6       97%         4
 Leda's Liquefaction      Hex/Erth       0%         N/A       97%         4
 Sticky Flame             Conj/Fire      0%         2d3       97%         4
 Metabolic Englaciation   Hex/Ice        0%         N/A       100%        5
 Simulacrum               Ice/Necr       0%         N/A       100%        6
 Summon Hydra             Summ           0%         N/A       100%        7
 Ignition                 Fire           0%         3d3       100%        8


Dungeon Overview and Level Annotations

Branches:
Dungeon (10/15)            Temple (1/1) D:7            Lair (4/5) D:8
  Swamp (0/4) Lair:2        Snake (0/4) Lair:3        Slime (0/5) Lair:4
    Orc (0/2) D:9         Gauntlet (visited)

Altars:
Ashenzari
Cheibriados
Dithmenos
Fedhas
Gozag
Hepliaklqana
Kikubaaqudgha
Makhleb
Nemelex Xobeh
Okawaru
Qazlal
Ru
Sif Muna
Trog
Uskayaw
Vehumet
Wu Jian
Xom
Yredelemnul
Jiyva

Shops:
D:2 ?   D:3 =   D:4 **   D:6 =   D:10 *

Annotations:
D:3 3 runed translucent doors, shmup's ghost, amateur TeFE
D:7 exclusion: statue
Lair:4 1 runed translucent door


Innate Abilities, Weirdness & Mutations

You have hoof-like feet.
You are partially covered in yellow scales. (AC +2)
Your demonic aura often causes spilled blood to erupt in flames.
When hurt, damage is shared between your health and your magic reserves.
You regenerate magic rapidly.
When low on magic, you restore magic in place of health.


Message History

The eight-headed hydra barely misses you.
The eight-headed hydra bites you!
The eight-headed hydra bites you but does no damage.
The eight-headed hydra bites you.
The eight-headed hydra bites you but does no damage.
The eight-headed hydra misses you. The eight-headed hydra bites you.
The eight-headed hydra bites you but does no damage.
The eight-headed hydra bites you.
The eight-headed hydra closely misses you.
The eight-headed hydra bites you.
The eight-headed hydra closely misses you.
The eight-headed hydra bites you.
The eight-headed hydra attacks as you move away!
The eight-headed hydra bites you. x2
The eight-headed hydra completely misses you.
The eight-headed hydra closely misses you.
The eight-headed hydra completely misses you.
The eight-headed hydra bites you but does no damage.
The eight-headed hydra closely misses you.
The eight-headed hydra bites you but does no damage.
The eight-headed hydra attacks as you move away!
The eight-headed hydra bites you!
* * * LOW HITPOINT WARNING * * *
The eight-headed hydra bites you but does no damage.
The eight-headed hydra bites you!
* * * LOW HITPOINT WARNING * * *
The eight-headed hydra bites you but does no damage. x2
The eight-headed hydra misses you. The eight-headed hydra bites you.
* * * LOW HITPOINT WARNING * * *
The eight-headed hydra misses you.
The swamp worm fires a harpoon shot at you.
The harpoon shot misses you. The eight-headed hydra bites you!
* * * LOW HITPOINT WARNING * * *
The eight-headed hydra completely misses you.
The eight-headed hydra barely misses you.
The eight-headed hydra misses you.
The eight-headed hydra bites you but does no damage.
The eight-headed hydra bites you!
You die...
Your body glows with a rainbow of weird colours and disappears.

≈≈≈≈≈≈≈≈≈≈≈≈#≈≈≈##############...
≈≈≈≈#≈≈≈≈≈#~~≈≈≈#≈≈≈##≈#≈#~~~#...
##≈≈≈#≈##≈~.≈~≈≈≈#≈#≈≈≈$~≈~~~#...
≈≈#≈≈≈≈≈≈~.~≈≈≈≈≈#≈#≈≈≈$:≈~~*#...
#≈≈#≈≈≈#≈≈...##≈≈≈≈.~~.≈≈≈~**#...
≈≈≈≈≈~~≈≈≈~~..~≈≈.≈..wP#~~~~~#...
≈#.P~.≈~≈~.~P.~.P~~≈≈#≈≈≈~*~~#...
~..~~.~~.≈~≈~~~~≈DD≈≈≈≈≈≈≈*~*#...
.≈~.#~.≈..~.~..~@~w≈D#≈#≈≈~~≈#...
≈≈#≈≈#≈~.~≈...~P..≈≈≈≈≈≈≈~~~≈≈...
≈≈≈≈≈≈≈≈#≈..≈≈≈≈#≈..P≈≈≈≈≈~*≈≈...
≈≈≈≈≈≈##..P≈≈≈≈≈≈#≈.~~≈≈≈#~~≈#...
≈#≈≈≈≈≈≈.P≈#≈≈≈#≈#...≈≈≈≈≈≈≈#≈...
≈≈#≈≈≈~~≈≈≈≈≈≈#≈#≈#.≈≈≈≈≈#≈≈#≈...
≈≈≈≈#~~}≈≈≈##≈≈≈≈≈~.~P≈#≈≈≈#≈≈...
≈≈≈≈##~≈#≈≈≈≈≈#≈P#.≈≈≈≈#≈≈≈≈≈≈...
≈≈≈~~≈#≈#≈≈≈#≈≈≈#≈≈~≈#≈#≈≈#≈≈≈...


You could see 2 eight-headed hydras, a swamp dragon and 2 swamp worms.

Vanquished Creatures
  A minotaur (Gauntlet)
  Josephine (D:10)
  A boulder beetle (Lair:1)
  Erica (Lair:2)
  2 thrashing horrors (Gauntlet)
  A swamp dragon (Lair:4)
  Pikel (D:4)
  A mana viper (D:10)
  5 elephants (Lair:1)
  A black mamba (Lair:2)
  10 cane toads
  2 torpor snails
  4 komodo dragons
  5 rime drakes
  A troll (D:9)
  A polar bear (Lair:4)
  2 hornets
  2 tyrant leeches
  2 small abominations (Gauntlet)
  12 blink frogs (Lair:4)
  4 slime creatures (D:7)
  5 wraiths (D:10)
  4 wyverns
  30 yaks
  2 basilisks (D:8)
  3 vampire mosquitoes (Lair:4)
  3 swamp worms
  2 nagas (Lair:3)
  15 water moccasins
  Duvessa (D:4)
  2 black bears
  2 ice beasts (D:5)
  A sky beast (D:6)
  4 orc warriors
  6 ogres
  15 wolves
  6 centaurs
  A lemure (D:4)
  2 kobold brigands
  2 phantoms
  7 bullfrogs
  A gnoll sergeant (D:9)
  A scorpion (D:3)
  Dowan (D:4)
  8 wights
  10 killer bees (D:9)
  5 howler monkeys
  An electric eel (Lair:3)
  6 hounds
  3 jellies
  5 orc priests
  Jessica (D:3)
  Ijyb (D:3)
  Natasha (thrice) (D:3)
  5 iguanas
  14 orc wizards
  7 adders
  4 gnolls (D:9)
  A shadow imp (D:8)
  2 white imps (D:7)
  An ufetubus (D:6)
  A worm (D:2)
  5 dart slugs
  46 orcs
  8 ball pythons
  7 bats
  5 endoplasms
  3 giant cockroaches
  4 goblins
  9 hobgoblins
  12 kobolds
  A quokka (D:5)
  3 frilled lizards
  4 rats (D:1)
361 creatures vanquished.

Vanquished Creatures (others)
  An orc wizard (D:4)
1 creature vanquished.

Grand Total: 362 creatures vanquished

Notes
Turn   | Place    | Note
-------+----------+-------------------------------------------
     0 | D:1      | porpoise the Demonspawn Gladiator began the quest for the
                  | Orb.
     0 | D:1      | Reached XP level 1. HP: 16/16 MP: 1/1
   130 | D:1      | Gained mutation: You have large cloven feet. [demonic
                  | ancestry]
   130 | D:1      | Reached XP level 2. HP: 22/22 MP: 2/2
   631 | D:1      | Reached XP level 3. HP: 28/28 MP: 3/3
  1670 | D:2      | Found Raonof's Magic Scroll Shoppe.
  1686 | D:2      | Bought a scroll of identify for 28 gold pieces
  1701 | D:2      | Found a bloodstained altar of Trog.
  1857 | D:3      | Noticed Ijyb
  1870 | D:3      | HP: 1/28 [Ijyb/puff of flame (7)]
  1871 | D:3      | Killed Ijyb
  1872 | D:3      | Gained mutation: Your demonic aura sometimes causes spilled
                  | blood to erupt in flames. [demonic ancestry]
  1872 | D:3      | Reached XP level 4. HP: 1/35 MP: 4/4
  2122 | D:3      | Noticed Jessica
  2124 | D:3      | Killed Jessica
  2190 | D:3      | Found a runed translucent gate.
  2191 | D:3      | Found a runed translucent gate.
  2195 | D:3      | Found a runed translucent gate.
  2196 | D:3      | Noticed shmup's ghost (amateur TeFE)
  2397 | D:3      | Found a shadowy altar of Dithmenos.
  2399 | D:3      | Found a snail-covered altar of Cheibriados.
  2446 | D:3      | Found Dianap's Jewellery Boutique.
  2591 | D:3      | Noticed Natasha
  2597 | D:3      | Killed Natasha
  2598 | D:3      | Gained mutation: You regenerate magic rapidly. [demonic
                  | ancestry]
  2598 | D:3      | Reached XP level 5. HP: 41/41 MP: 5/5
  2621 | D:3      | Noticed Natasha
  2626 | D:3      | Killed Natasha
  2686 | D:3      | Noticed Natasha
  2693 | D:3      | Killed Natasha
  2994 | D:3      | Reached skill level 5 in Long Blades
  3106 | D:4      | Identified 2 scrolls of acquirement
  3106 | D:4      | Acquired a +1 quick blade of venom
  3107 | D:4      | Acquired the ring of the Four Quests {rF+ rC- EV+5 Int+4
                  | Slay+2}
  3115 | D:4      | Noticed an ogre
  3124 | D:3      | Gained mutation: You have hoof-like feet. [demonic
                  | ancestry]
  3124 | D:3      | Reached XP level 6. HP: 47/48 MP: 6/6
  3259 | D:4      | Found Usema's Specific Store.
  3261 | D:4      | Found Xemax's General Store.
  3323 | D:4      | Reached skill level 1 in Short Blades
  3463 | D:4      | Gained mutation: You are partially covered in yellow
                  | scales. (AC +2) [demonic ancestry]
  3463 | D:4      | Reached XP level 7. HP: 55/55 MP: 7/7
  3562 | D:4      | Noticed Duvessa
  3566 | D:4      | Noticed Dowan
  3583 | D:4      | Killed Duvessa
  3584 | D:4      | Reached skill level 5 in Fighting
  3586 | D:4      | Killed Dowan
  3764 | D:4      | Noticed Pikel
  3806 | D:4      | Killed Pikel
  3807 | D:4      | Reached skill level 5 in Short Blades
  3807 | D:4      | Gained mutation: When hurt, damage is shared between your
                  | health and your magic reserves. [demonic ancestry]
  3807 | D:4      | Reached XP level 8. HP: 32/62 MP: 8/8
  4135 | D:5      | Entered Level 5 of the Dungeon
  4258 | D:5      | Found the +0 toga "Victory" {*Victory Clar}
  4750 | D:5      | Found a bloodstained altar of Trog.
  4893 | D:5      | Reached XP level 9. HP: 68/68 MP: 9/9
  4991 | D:6      | Reached skill level 1 in Armour
  5265 | D:6      | Found Coatz's Jewellery Emporium.
  5691 | D:6      | Reached skill level 5 in Dodging
  5847 | D:7      | Found a staircase to the Ecumenical Temple.
  5863 | D:7      | Reached skill level 1 in Stealth
  5884 | Temple   | Entered the Ecumenical Temple
  6017 | Temple   | Became a worshipper of Nemelex Xobeh the Trickster
  6105 | D:7      | Reached skill level 1 in Invocations
  6137 | D:7      | Found a radiant altar of Vehumet.
  6253 | D:7      | Reached skill level 2 in Invocations
  6324 | D:7      | Reached skill level 3 in Invocations
  6390 | D:7      | HP: 3/71 [very large slime creature (39)]
  6467 | D:7      | Reached skill level 4 in Invocations
  6470 | D:7      | Reached XP level 10. HP: 54/79 MP: 7/13
  6783 | D:8      | Reached skill level 5 in Invocations
  6818 | D:8      | Reached skill level 5 in Armour
  6825 | D:8      | Reached skill level 6 in Invocations
  6861 | D:8      | Reached skill level 7 in Invocations
  6893 | D:8      | Found a staircase to the Lair.
  7127 | D:8      | Reached skill level 8 in Invocations
  7516 | D:9      | Reached skill level 1 in Evocations
  7654 | D:9      | Found a broken altar of Ashenzari.
  7712 | D:9      | Paralysed by a gnoll for 5 turns
  7730 | D:9      | Gained mutation: Your demonic aura often causes spilled
                  | blood to erupt in flames. [demonic ancestry]
  7730 | D:9      | Reached XP level 11. HP: 63/89 MP: 11/17
  7788 | D:9      | Reached skill level 9 in Invocations
  8170 | D:9      | Found a staircase to the Orcish Mines.
  8199 | D:10     | Entered Level 10 of the Dungeon
  8437 | D:10     | Reached * piety under Nemelex Xobeh
  8652 | D:10     | Received a gift from Nemelex Xobeh
  8671 | D:10     | Noticed a two-headed ogre
  8672 | D:10     | a two-headed ogre changed into a mana viper
  8672 | D:10     | Noticed a mana viper
  8680 | D:10     | Killed a mana viper
  8732 | D:10     | Noticed Josephine
  8748 | D:10     | Killed Josephine
  8749 | D:10     | Reached skill level 10 in Invocations
  9244 | D:10     | Found Uffangis's CLEARANCE SALE!.
  9266 | D:10     | Bought a potion of curing for 12 gold pieces
  9398 | Lair:1   | Entered Level 1 of the Lair of Beasts
  9592 | Lair:1   | Reached skill level 5 in Stealth
  9637 | Lair:1   | Reached ** piety under Nemelex Xobeh
  9668 | Lair:1   | Found the +8 Vampire's Tooth {megavamp}
  9721 | Lair:1   | Reached skill level 5 in Evocations
  9957 | Lair:1   | Reached skill level 11 in Invocations
 10284 | Lair:1   | Noticed a boulder beetle
 10322 | Lair:1   | Killed a boulder beetle
 10323 | Lair:1   | Reached XP level 12. HP: 87/95 MP: 15/20
 10951 | Lair:2   | Reached skill level 12 in Invocations
 10994 | Lair:2   | Found a staircase to the Swamp.
 11133 | Lair:2   | Reached *** piety under Nemelex Xobeh
 11202 | Lair:2   | Received a gift from Nemelex Xobeh
 11334 | Lair:2   | Noticed Erica
 11349 | Lair:2   | Killed Erica
 11616 | Lair:2   | Reached skill level 13 in Invocations
 11900 | Lair:3   | Found a staircase to the Snake Pit.
 12700 | Lair:4   | Found a gate leading to a gauntlet.
 12710 | Gauntlet | Entered a Gauntlet
 12710 | Gauntlet | Reached **** piety under Nemelex Xobeh
 12710 | Gauntlet | Found a transporter.
 12716 | Gauntlet | Found a transporter.
 12718 | Gauntlet | Noticed a balrug
 12730 | Gauntlet | Found a runed translucent gate.
 12730 | Gauntlet | Found a runed translucent gate.
 12732 | Gauntlet | Found a transporter.
 12736 | Gauntlet | Found a transporter.
 12753 | Gauntlet | Noticed a dire elephant
 12756 | Gauntlet | Found a transporter.
 12769 | Gauntlet | Found a transporter.
 12782 | Gauntlet | Found a transporter.
 12802 | Gauntlet | Found a transporter.
 12806 | Gauntlet | Found a transporter.
 12810 | Gauntlet | Found a runed translucent door.
 12810 | Gauntlet | Received a gift from Nemelex Xobeh
 12814 | Gauntlet | Found a transporter.
 12823 | Gauntlet | Found a runed translucent door.
 12833 | Gauntlet | Noticed a cacodemon
 12842 | Gauntlet | Found a transporter.
 12844 | Gauntlet | Found a transporter.
 12879 | Gauntlet | Found a runed translucent gate.
 13076 | Gauntlet | Identified the +2 pair of gloves "Cisupora" {rN+ Int+4
                  | Slay-5}
 13102 | Gauntlet | Noticed a minotaur
 13120 | Gauntlet | Killed a minotaur
 13148 | Gauntlet | Got the Grimoire of Telluric Distance
 13223 | Lair:4   | Gained mutation: When low on magic, you restore magic in
                  | place of health. [demonic ancestry]
 13223 | Lair:4   | Reached XP level 13. HP: 101/101 MP: 16/23
 13259 | Lair:4   | Reached skill level 14 in Invocations
 13548 | Lair:4   | Found a runed translucent door.
 13633 | Lair:4   | Found a viscous altar of Jiyva.
 13638 | Lair:4   | Found a staircase to the Slime Pits.
 13726 | Lair:4   | Received a gift from Nemelex Xobeh
 13914 | Lair:4   | Slain by an eight-headed hydra

Illustrated notes

Levels and vault maps discovered:
D:1:      spicycebolla_green_bress_n_ham, layout_loops_corners
D:2:      layout_loops_corners, serial_shops, nicolae_diamond_shop, basic_altar
D:3:      layout_basic, chequers_temple_overflow_statue_of_worship,
          serial_shops, nicolae_shop_window_shopping, ebering_ghost_rock_garden,
          kennysheep_small_spiral, uniq_ijyb, uniq_jessica, uniq_natasha
D:4:      layout_rooms, nrook_mini_backslash, nicolae_specific_store,
          uniq_pikel, uniq_duvessa
D:5:      layout_basic, marbit_many_paths
D:6:      layout_basic, serial_shops, shop
D:7:      layout_basic, vehumet_statue, minmay_temple_entry_mini_moons
D:8:      layout_rooms, minmay_lair_entry_grove
D:9:      layout_rooms, lemuel_tele_altar, mainiacjoe_overflow_cross_hatched,
          hiddenorc1_lemuel
D:10:     layout_basic, nicolae_shop_clearance, uniq_josephine
Temple:   kb_temple_of_zot
Lair:1:   layout_cave_pods, pdpol_lair_neglected_garden, grunt_megastairs_1,
          infiniplex_staircase_pool_2
Lair:2:   layout_long_grid, swamp_mist, uniq_erica
Lair:3:   layout_loops_ring, minmay_snake_entry_guardpost_small,
          serial_bayou_shore_a, grunt_megastairs_4
Lair:4:   onia_ninara_swampy_vault, layout_cave_shapes, slime_entry_2,
          gauntlet_entry_generic, lemuel_fruit_tree

Skill      XL: |  1  2  3  4  5  6  7  8  9 10 11 12 13 |
---------------+----------------------------------------+-----
Long Blades    | 3 4 5 6 7 9 |  9.8
Fighting       | 3 4 5 7 9 |  9.5
Short Blades   | 2 5 7 |  7.0
Dodging        | 4 5 6 7 |  7.0
Armour         | 4 5 6 7 |  7.0
Stealth        | 1 2 5 |  5.0
Invocations    | 4 8 11 13 14 | 14.0
Evocations     | 2 5 |  5.8
Throwing       | |  1.7

Action                     |  1- 3 |  4- 6 |  7- 9 | 10-12 | 13-15 || total
---------------------------+-------+-------+-------+-------+-------++-------
  Melee: Long sword        |    93 |    47 |     2 |       |       ||   142
         Kick              |    18 |    31 |   130 |   464 |    65 ||   708
         Quick blade       |       |    52 |   335 |   945 |   159 ||  1491
         Punch             |       |     2 |     5 |    23 |     3 ||    33
         Scimitar          |       |       |       |   127 |       ||   127
   Fire: Sling             |    17 |    15 |    10 |       |       ||    42
  Throw: Javelin           |       |       |     1 |       |       ||     1
         Dart              |       |       |     5 |     5 |       ||    10
 Invoke: Draw Destruction  |       |       |       |     1 |       ||     1
         Draw Summoning    |       |       |       |     1 |       ||     1
  Evoke: Wand              |       |       |       |     3 |       ||     3
    Use: Scroll            |     3 |     4 |     8 |    16 |     1 ||    32
         Potion            |       |     1 |       |     1 |       ||     2
   Stab: Sleeping          |       |     1 |       |     6 |     1 ||     8
 Armour: Leather armour    |     3 |    18 |    31 |    96 |    40 ||   188
         Ring mail         |    20 |     3 |       |       |       ||    23
  Dodge: Dodged            |    49 |    60 |   117 |   413 |   130 ||   769
